 Dungeon Crawl Stone Soup version 0.17-a0-1446-gc28613e (webtiles) character file.

79 Snupthedog the Conjurer (level 4, -1/24 HPs)
             Began as a Tengu Conjurer on June 28, 2015.
             Killed from afar by Sigmund (8 damage)
             ... with a puff of flame
             ... on level 2 of the Dungeon.
             The game lasted 00:06:41 (1817 turns).

Snupthedog the Conjurer (Tengu Conjurer)            Turns: 1817, Time: 00:06:41

Health: -1/24      AC:  7    Str:  9    XL:     4   Next: 38%
Magic:  4/8        EV: 13    Int: 20    God:
Gold:   57         SH:  0    Dex: 15    Spells: 3 memorised, 1 level left

rFire  . . .     SeeInvis .     o - +0 whip (venom)
rCold  . . .     Clarity  .     a - +0 robe
rNeg   . . .     SustAt   .     (no shield)
rPois  .         Gourm    .     (helmet restricted)
rElec  .         Spirit   .     (no cloak)
rCorr  .         Warding  .     (no gloves)
rMut   .         Stasis   .     (boots unavailable)
MR     .....                    (no amulet)
Stlth  +.........               (no ring)
                                h - +5 ring of protection

@: confused, brilliant, not resistant to hostile enchantments, very unstealthy
A: beak, talons 3
a: no special abilities


You were on level 2 of the Dungeon.
You were not hungry.

You visited 1 branch of the dungeon, and saw 2 of its levels.

You collected 57 gold pieces.

Inventory:

Hand weapons
 i - a +0 dagger
 o - a +0 whip of venom (weapon)
Armour
 a - a +0 robe (worn)
Jewellery
 h - a +5 ring of protection (left hand)
Scrolls
 j - a scroll of teleportation {unknown}
 n - 2 scrolls of remove curse
 q - a scroll of amnesia {unknown}
Potions
 g - a potion of degeneration
Books
 b - a book of Conjurations

   Spells                             Type                      Level
   a - Magic Dart                     Conjuration                  1
   b - Searing Ray                    Conjuration                  2
   c - Dazzling Spray                 Conjuration/Hexes            3
   d - Fulminant Prism                Conjuration/Hexes            4
   e - Iskenderun's Mystic Blast      Conjuration                  4
   f - Iskenderun's Battlesphere      Conjuration/Charms           5
Comestibles
 c - 2 bread rations
 f - a fruit
 k - a slice of pizza
 m - a chunk of flesh
 p - a meat ration


   Skills:
 + Level 0.4 Short Blades
 + Level 2.6 Dodging
 - Level 2.0 Stealth
 + Level 2.3 Spellcasting
 * Level 6.9 Conjurations


You had one spell level left.
You knew the following spells:

 Your Spells              Type           Power        Failure   Level  Hunger
a - Magic Dart            Conj           ####         1%          1    #......
b - Searing Ray           Conj           #####.       1%          2    ##.....
c - Dazzling Spray        Conj/Hex       ####....     1%          3    ###....


Dungeon Overview and Level Annotations

Branches:
Dungeon (2/15)

Altars:

Annotations:
D:2 Sigmund


Innate Abilities, Weirdness & Mutations

You have a beak for a mouth.
You have claws for feet.


Message History

Casting: Dazzling Spray
Confirm with . or Enter, or press ? or * to list all spells.
You don't know that spell.
Unknown command.
Casting: Dazzling Spray
Confirm with . or Enter, or press ? or * to list all spells.
Aiming: Searing Ray
Press: ? - help, Shift-Dir - straight line You hear a zap.
You are confused.
Something hits you.
* * * LOW HITPOINT WARNING * * *
Drink which item? (? for menu, Esc to quit)
Okay, then.
You're too confused!
Unknown command.
Unknown command.
A puff of flame appears from out of thin air!
The puff of flame hits you!
You die...

#.# #.# #.# #.#
#.# ###.# #.#
#...# ###.# #.###
#...# #.# #.###
#.# #.# #รท# #.#
#@# #.# #.# ##.##
#.#
#########...####.#
.................#
#####.###...{#####
#.# ##.#.# #.#
#.#.# #.# #.#.#


There were no monsters in sight!

Vanquished Creatures
  2 adders (D:2)
  A worm (D:2)
  4 giant geckos (D:1)
  5 bats
  A giant cockroach (D:2)
  5 goblins
  12 hobgoblins
  4 jackals (D:1)
  5 kobolds
  3 giant newts (D:2)
  9 rats
51 creatures vanquished.

Notes
Turn   | Place    | Note
--------------------------------------------------------------
     0 | D:1      | Snupthedog the Tengu Conjurer began the quest for the Orb.
     0 | D:1      | Reached XP level 1. HP: 10/10 MP: 4/4
   111 | D:1      | Reached XP level 2. HP: 12/15 MP: 1/6
   194 | D:1      | Reached skill level 6 in Conjurations
   420 | D:1      | Learned a level 2 spell: Searing Ray
   457 | D:1      | Reached XP level 3. HP: 3/19 MP: 0/7
  1425 | D:2      | Reached XP level 4. HP: 24/24 MP: 3/8
  1612 | D:2      | Learned a level 3 spell: Dazzling Spray
  1710 | D:2      | Noticed Sigmund
  1817 | D:2      | Killed from afar by Sigmund

Vault maps used:
D:1:      onia_arrival_mini_maze
D:2:      uniq_sigmund

Action                   |  1- 3 |  4- 6 || total
-------------------------+-------+-------++-------
Melee: Dagger            |    43 |       ||    43
       Unarmed           |     3 |       ||     3
       Whip              |     4 |    18 ||    22
 Cast: Magic Dart        |    61 |     4 ||    65
       Searing Ray       |     3 |     2 ||     5
       Dazzling Spray    |       |     1 ||     1
  Use: Scroll            |       |     3 ||     3
       Potion            |       |     2 ||     2
 Stab: Sleeping          |     1 |     1 ||     2
  Eat: Chunk             |     2 |     2 ||     4
